 Dungeon Crawl Stone Soup version 0.29.0-4-gdea44cf6ec (webtiles) character file.

Game seed: 7250619205964546057

4587 qw the Cleaver (level 10, -1/74 (86) HPs)
             Began as a Minotaur Berserker on Sept 8, 2022.
             Was a Priest of Trog.
             Slain by a wight
             ... wielding a +0 spear
              (3 damage)
             ... on level 9 of the Dungeon.
             The game lasted 00:02:24 (7270 turns).

qw the Cleaver (Minotaur Berserker)                 Turns: 7270, Time: 00:02:25

HP:   -1/74 (86)    AC:  8    Str: 30    XL:     10   Next: 18%
MP:   9/9           EV: 10    Int:  9    God:    Trog [***...]
Gold: 161           SH: 10    Dex:  9    Spells: 9/9 levels left

rFire   + + +      SeeInvis .   Y - +3 broad axe (venom)
rCold   + . .      Faith    .   r - +0 kite shield
rNeg    . . .      Spirit   .   f - +2 ring mail of Elyesint {rPois rF+ rC+}
rPois   +          Reflect  .   (helmet restricted)
rElec   .          Harm     .   (no cloak)
rCorr   .          Rampage  .   e - +0 pair of gloves
Will    .....      Clarity  +   (no boots)
Stlth   ..........              g - amulet of regeneration
HPRegen 1.02/turn               q - +6 ring of intelligence
MPRegen 0.11/turn               p - ring of protection from fire

@: on berserk cooldown, slowed, heavily drained, very slow
A: horns 2, retaliatory headbutt, clarity, fire resistance 1, strong 1, wild
magic 1
a: Renounce Religion, Berserk, Trog's Hand


You were on level 9 of the Dungeon.
You worshipped Trog.
Trog was most pleased with you.
You visited 1 branch of the dungeon, and saw 9 of its levels.

You collected 523 gold pieces.
You spent 362 gold pieces at shops.


Innate Abilities, Weirdness & Mutations

You have a pair of horns on your head.
You reflexively headbutt those who attack you in melee.
You possess an exceptional clarity of mind.
Your flesh is heat resistant. (rF+)
Your muscles are strong. (Str +4, Int/Dex -1)
Your spells are a little harder to cast, but a little more powerful.


   Skills:
 + Level 7.1 Fighting
 - Level 13.6 Axes
 - Level 2.0 Throwing
 - Level 3.0 Armour
 - Level 3.0 Dodging
 - Level 9.2 Shields


You had 9 spell levels left.
You didn't know any spells.
Your spell library was empty.

Inventory:

Hand Weapons
 l - a +3 flail of freezing
 Y - a +3 broad axe of venom (weapon)
Missiles
 o - 4 boomerangs (quivered)
Armour
 d - a +2 scale mail of fire resistance
 e - a +0 pair of gloves (worn)
 f - the +2 ring mail of Elyesint (worn) {rPois rF+ rC+}
   (You found it on level 2 of the Dungeon)

   rF:        It protects you from fire.
   rC:        It protects you from cold.
   rPois:     It protects you from poison.
 h - a +0 plate armour
 r - a +0 kite shield (worn)
Jewellery
 g - an amulet of regeneration (around neck)
 p - a ring of protection from fire (right hand)
 q - a +6 ring of intelligence (left hand)
 t - a ring of fire
Scrolls
 a - 3 scrolls of identify
 n - 3 scrolls of teleportation
Potions
 c - 7 potions of curing
 i - a potion of mutation
 j - 2 potions of haste
 k - 2 potions of might

Dungeon Overview and Level Annotations

Branches:
Dungeon (9/15)             Temple (0/1) D:4
   Lair: D:8-11         Orc: D:9-12

Altars:
Ashenzari
Cheibriados
Elyvilon
Makhleb
Vehumet
Zin

Shops:
D:6 (((*   D:8 :

Annotations:
D:5 2 transporters


Message History

Your life force feels restored.
Your Armour skill increases to level 3!
You closely miss the wight.
The wight is heavily damaged.
The wight closely misses you. The wight hits you with a +2 battleaxe!
You feel drained.
The wight hits you from afar with a +0 spear.
The wight closely misses you.
You closely miss the wight.
The wight is heavily damaged.
You block the wight's attack. The wight closely misses you. x2
You block the wight's attack.
You completely miss the wight.
The wight is heavily damaged.
You block the wight's attack.
The wight hits you from afar with a +0 spear.
You feel drained.
You barely miss the wight.
The wight is heavily damaged.
You hit the wight. You block the wight's attack.
The wight hits you with a +4 short sword of freezing.
The wight hits you but does no damage. The wight misses you.
You furiously retaliate!
You headbutt the wight, but do no damage.
The wight hits you from afar with a +0 spear.
You feel drained.
The wight hits you with a +4 short sword of freezing.
The wight freezes you.
You closely miss the wight. Your headbutt misses the wight.
The wight is heavily damaged.
You hit the wight.
The wight hits you with a +4 short sword of freezing.
The wight hits you with a +2 battleaxe.
You feel drained. The wight closely misses you.
The wight hits you with a +2 battleaxe!
You feel drained.
The wight hits you with a +4 short sword of freezing.
The wight hits you from afar with a +0 spear!
You feel drained.
You die...

#.... #.#.. #.###
#..#.### #.# . #......#
#.# ..##......# #####
......#...### .....
............ .....
#....z##z##############
+..(.z@)(..............
#.....###....#########.
#..... ####..########.
#..... #............
....... #............
....... #............
..<.... #...........#
....... #...........#
#...........##


You could see 3 wights.

Vanquished Creatures
  Harold (D:9)
  Sigmund (D:2)
  3 yaks (D:9)
  A steam dragon (D:8)
  A black bear (D:6)
  3 ice beasts
  An orc warrior (D:8)
  A sky beast (D:8)
  An ogre (D:6)
  2 centaurs
  3 phantoms
  A kobold brigand (D:7)
  8 bullfrogs
  A gnoll sergeant (D:5)
  A necrophage (D:7)
  A scorpion (D:5)
  13 wights
  2 howler monkeys (D:9)
  3 jellies
  4 orc priests
  3 iguanas
  Terence (D:2)
  7 orc wizards
  6 gnolls
  6 adders
  3 white imps
  2 worms
  4 dart slugs
  17 orcs
  9 ball pythons
  9 endoplasms
  3 giant cockroaches
  4 goblins
  A hobgoblin (D:1)
  13 kobolds
  2 quokkas (D:1)
  4 bats
  2 frilled lizards (D:3)
  5 rats (D:1)
153 creatures vanquished.

Notes
Turn   | Place    | Note
-------+----------+-------------------------------------------
     0 | D:1      | qw the Minotaur Berserker began the quest for the Orb.
     0 | D:1      | Reached XP level 1. HP: 19/19 MP: 0/0
     0 | D:1      | 0 ||| qw: Version: 0.1-a-112-g44dc6cd
     0 | D:1      | 0 ||| qw: Game counter: 6831
     0 | D:1      | 0 ||| qw: Always use a shield: true
     0 | D:1      | 0 ||| qw: Do Orc after D:15 true
     0 | D:1      | 0 ||| qw: Do second Lair branch before Depths: true
     0 | D:1      | 0 ||| qw: Lair rune preference: random
     0 | D:1      | 0 ||| qw: Plans: Normal
     0 | D:1      | 0 ||| PLANNING D:1-11
    99 | D:1      | Reached skill level 4 in Axes
   114 | D:1      | 114 ||| Stepping ~*~*~tactically~*~*~ (stealth).
   117 | D:1      | 117 ||| Stepping ~*~*~tactically~*~*~ (stealth).
   119 | D:1      | 119 ||| Stepping ~*~*~tactically~*~*~ (hiding).
   129 | D:1      | Reached XP level 2. HP: 21/26 MP: 1/1
   161 | D:1      | 161 ||| Stepping ~*~*~tactically~*~*~ (stealth).
   922 | D:1      | Reached skill level 5 in Axes
  1056 | D:1      | 1056 ||| DROPPING amulet of faith.
  1057 | D:1      | 1057 ||| UPGRADING to amulet of regeneration.
  1062 | D:1      | 1062 ||| READING 2 scrolls labelled DERULUCAED.
  1063 | D:1      | 1063 ||| READING 2 scrolls labelled WALOLU GAPNIMO.
  1064 | D:1      | 1064 ||| READING scroll labelled ORYJOHAIQAO.
  1065 | D:1      | 1065 ||| READING scroll labelled TESHRU PASK.
  1066 | D:1      | 1066 ||| READING 2 scrolls labelled XAHEUW NOTUFAEVEO.
  1069 | D:1      | 1069 ||| READING scroll labelled OTIGHOCUSA.
  1070 | D:1      | 1070 ||| DRINKING 3 fizzy coppery potions.
  1071 | D:1      | 1071 ||| DRINKING 2 fizzy brown potions.
  1071 | D:1      | Gained mutation: You possess an exceptional clarity of
                  | mind. [potion of mutation]
  1071 | D:1      | Gained mutation: You have hidden genetic potential. [potion
                  | of mutation]
  1071 | D:1      | Gained mutation: Your spells are a little harder to cast,
                  | but a little more powerful. [potion of mutation]
  1072 | D:1      | 1072 ||| DROPPING scroll of immolation.
  1166 | D:2      | 1166 ||| Stepping ~*~*~tactically~*~*~ (stealth).
  1217 | D:2      | Reached XP level 3. HP: 31/31 MP: 2/2
  1241 | D:2      | 1241 ||| DROPPING +0 club.
  1288 | D:2      | Noticed Sigmund
  1291 | D:2      | 1291 ||| INVOKING Berserk.
  1302 | D:2      | Killed Sigmund
  1303 | D:2      | Reached skill level 7 in Axes
  1303 | D:2      | Reached XP level 4. HP: 39/39 MP: 3/3
  1303 | D:2      | Reached XP level 5. HP: 45/45 MP: 4/4
  1315 | D:2      | Gained mutation: Your muscles are strong. (Str +4, Int/Dex
                  | -1) [hidden potential]
  1560 | D:2      | Identified the +2 ring mail of Elyesint {rPois rF+ rC+}
  1656 | D:2      | Noticed Terence
  1658 | D:2      | 1658 ||| INVOKING Berserk.
  1663 | D:2      | Killed Terence
  1873 | D:2      | 1873 ||| UPGRADING to +2 scale mail of fire resistance.
  1883 | D:2      | 1883 ||| DROPPING +0 animal skin.
  1884 | D:2      | 1884 ||| UPGRADING to +2 ring mail of Elyesint {rPois rF+
                  | rC+}.
  1982 | D:3      | 1982 ||| Stepping ~*~*~tactically~*~*~ (hiding).
  1984 | D:3      | 1984 ||| Stepping ~*~*~tactically~*~*~ (hiding).
  2129 | D:3      | Reached ** piety under Trog
  2144 | D:3      | Reached skill level 1 in Throwing
  2157 | D:3      | 2157 ||| DROPPING +0 mace.
  2163 | D:3      | 2163 ||| Stepping ~*~*~tactically~*~*~ (stealth).
  2275 | D:3      | Found a snail-covered altar of Cheibriados.
  2450 | D:3      | Found a glowing silver altar of Zin.
  2568 | D:3      | 2568 ||| UPGRADING to +0 pair of gloves.
  2573 | D:3      | 2573 ||| DROPPING amulet of magic regeneration.
  2574 | D:3      | 2574 ||| UPGRADING to +6 ring of intelligence.
  2575 | D:3      | 2575 ||| DRINKING 2 cyan potions.
  2576 | D:3      | 2576 ||| READING 3 scrolls of identify.
  2576 | D:3      | 2576 ||| IDENTIFYING fizzy golden potion
  2577 | D:3      | 2577 ||| READING 2 scrolls of identify.
  2577 | D:3      | 2577 ||| IDENTIFYING silvery potion
  2578 | D:3      | 2578 ||| DROPPING potion of degeneration.
  2639 | D:4      | Reached XP level 6. HP: 52/52 MP: 5/5
  2703 | D:4      | 2703 ||| Stepping ~*~*~tactically~*~*~ (hiding).
  2707 | D:4      | 2707 ||| INVOKING Berserk.
  2709 | D:4      | Reached skill level 8 in Axes
  2737 | D:4      | Gained mutation: Your flesh is heat resistant. (rF+)
                  | [hidden potential]
  2737 | D:4      | Lost mutation: You have hidden genetic potential. [hidden
                  | potential expressed]
  2981 | D:4      | Found a staircase to the Ecumenical Temple.
  3018 | D:4      | 3018 ||| INVOKING Berserk.
  3356 | D:4      | 3356 ||| UPGRADING to +0 kite shield.
  3361 | D:4      | 3361 ||| READING 2 scrolls labelled ALAGAE DYNIO.
  3362 | D:4      | 3362 ||| READING 2 scrolls of identify.
  3362 | D:4      | 3362 ||| IDENTIFYING blue potion
  3363 | D:4      | 3363 ||| DROPPING scroll of poison.
  3364 | D:4      | 3364 ||| DROPPING potion of flight.
  3391 | D:5      | Entered Level 5 of the Dungeon
  3437 | D:5      | Reached skill level 1 in Shields
  3444 | D:5      | 3444 ||| INVOKING Berserk.
  3460 | D:5      | HP: 9/52 [gnoll sergeant/+4 antimagic trident (10)]
  3461 | D:5      | 3461 ||| READING 2 scrolls of teleportation.
  3461 | D:5      | HP: 4/52 [gnoll sergeant/+4 antimagic trident (6)]
  3462 | D:5      | 3462 ||| DRINKING potion of heal wounds.
  3536 | D:5      | Reached skill level 3 in Shields
  3536 | D:5      | Reached XP level 7. HP: 59/59 MP: 6/6
  3635 | D:5      | 3635 ||| INVOKING Berserk.
  3734 | D:5      | Found a transporter.
  3746 | D:5      | Noticed a kobold demonologist
  3760 | D:5      | Found a transporter.
  3894 | D:5      | 3894 ||| INVOKING Berserk.
  3914 | D:5      | Reached skill level 6 in Shields
  4085 | D:5      | Reached skill level 9 in Axes
  4330 | D:5      | 4330 ||| DROPPING +0 chain mail.
  4392 | D:6      | 4392 ||| INVOKING Berserk.
  4500 | D:6      | Found Ruskeul's Antique Weapon Shoppe.
  4519 | D:6      | 4519 ||| BUYING runed broad axe (252 gold).
  4519 | D:6      | Bought a runed broad axe for 252 gold pieces
  4519 | D:6      | 4519 ||| SHOPLISTING runed war axe (234 gold, have 104).
  4519 | D:6      | 4519 ||| SWAPPING to +1 broad axe of venom.
  4520 | D:6      | 4520 ||| DROPPING +0 hand axe.
  4612 | D:6      | 4612 ||| INVOKING Berserk.
  4614 | D:6      | Reached XP level 8. HP: 69/69 MP: 7/7
  4650 | D:6      | 4650 ||| FLEEEEING.
  4651 | D:6      | 4651 ||| FLEEEEING.
  4652 | D:6      | 4652 ||| FLEEEEING.
  4653 | D:6      | 4653 ||| FLEEEEING.
  4654 | D:6      | 4654 ||| FLEEEEING.
  4655 | D:6      | 4655 ||| FLEEEEING.
  4656 | D:6      | 4656 ||| FLEEEEING.
  4657 | D:6      | 4657 ||| FLEEEEING.
  4658 | D:6      | 4658 ||| FLEEEEING.
  4660 | D:6      | 4660 ||| FLEEEEING.
  4661 | D:6      | 4661 ||| FLEEEEING.
  4662 | D:6      | 4662 ||| FLEEEEING.
  4705 | D:6      | 4705 ||| INVOKING Berserk.
  4939 | D:6      | 4939 ||| Stepping ~*~*~tactically~*~*~ (hiding).
  4947 | D:6      | Reached skill level 10 in Axes
  5067 | D:6      | Reached skill level 6 in Fighting
  5165 | D:6      | Found Parore's Antique Weapon Boutique.
  5173 | D:6      | Found Hur Liugh's Antique Weapon Emporium.
  5181 | D:6      | 5181 ||| SHOPLISTING runed morningstar (161 gold, have
                  | 144).
  5195 | D:6      | Found Namiwn's General Store.
  5203 | D:6      | 5203 ||| BUYING potion of haste (110 gold).
  5203 | D:6      | Bought a potion of haste for 110 gold pieces
  5598 | D:6      | 5598 ||| READING scroll labelled JORAUTR ANUNO.
  5599 | D:6      | 5599 ||| READING 2 scrolls of identify.
  5599 | D:6      | 5599 ||| IDENTIFYING metallic brown potion
  5600 | D:6      | 5600 ||| DROPPING potion of ambrosia.
  5827 | D:7      | Reached skill level 11 in Axes
  5830 | D:7      | Reached *** piety under Trog
  5903 | D:7      | 5903 ||| Stepping ~*~*~tactically~*~*~ (hiding).
  5909 | D:7      | Reached XP level 9. HP: 73/75 MP: 8/8
  5915 | D:7      | 5915 ||| INVOKING Berserk.
  6033 | D:7      | Found a white marble altar of Elyvilon.
  6033 | D:7      | Found a burning altar of Makhleb.
  6081 | D:7      | 6081 ||| UPGRADING to ring of protection from fire.
  6082 | D:7      | 6082 ||| READING 4 scrolls of identify.
  6082 | D:7      | 6082 ||| IDENTIFYING lumpy orange potion
  6083 | D:7      | 6083 ||| DROPPING potion of lignification.
  6100 | D:8      | 6100 ||| FLEEEEING.
  6101 | D:8      | 6101 ||| STAIRDANCE
  6119 | D:8      | 6119 ||| INVOKING Berserk.
  6137 | D:8      | 6137 ||| FLEEEEING.
  6140 | D:8      | 6140 ||| STAIRDANCE
  6258 | D:8      | Found a broken altar of Ashenzari.
  6319 | D:8      | Reached skill level 12 in Axes
  6346 | D:8      | Found Mevih's Self-Improvement Boutique.
  6370 | D:8      | 6370 ||| Stepping ~*~*~tactically~*~*~ (hiding).
  6372 | D:8      | 6372 ||| INVOKING Berserk.
  6526 | D:8      | Found a radiant altar of Vehumet.
  6529 | D:8      | 6529 ||| Stepping ~*~*~tactically~*~*~ (stealth).
  6566 | D:8      | 6566 ||| DROPPING +0 flail.
  6574 | D:8      | 6574 ||| Stepping ~*~*~tactically~*~*~ (stealth).
  6626 | D:8      | 6626 ||| Stepping ~*~*~tactically~*~*~ (stealth).
  6632 | D:8      | 6632 ||| Stepping ~*~*~tactically~*~*~ (stealth).
  6674 | D:8      | 6674 ||| Stepping ~*~*~tactically~*~*~ (hiding).
  6677 | D:8      | 6677 ||| INVOKING Berserk.
  6680 | D:8      | Reached skill level 9 in Shields
  6932 | D:8      | 6932 ||| READING scroll labelled GOT WUCIAPLUJY.
  6933 | D:8      | 6933 ||| READING 4 scrolls of identify.
  6933 | D:8      | 6933 ||| IDENTIFYING green potion
  6934 | D:8      | 6934 ||| DROPPING potion of berserk rage.
  7223 | D:9      | 7223 ||| READING scroll of enchant weapon.
  7223 | D:9      | 7223 ||| ENCHANTING +2 broad axe of venom.
  7242 | D:9      | Noticed Harold
  7246 | D:9      | 7246 ||| INVOKING Berserk.
  7254 | D:9      | Killed Harold
  7255 | D:9      | Reached skill level 13 in Axes
  7255 | D:9      | Reached XP level 10. HP: 86/86 MP: 9/9
  7262 | D:9      | Reached skill level 3 in Dodging
  7266 | D:9      | Reached skill level 3 in Armour
  7270 | D:9      | HP: 16/78 [wight/+2 battleaxe (9)]
  7270 | D:9      | HP: 2/76 [wight/+0 spear (7)]
  7270 | D:9      | Slain by a wight

Levels and vault maps discovered:
D:1:      lightli_arrival_lavapool, layout_loops_ring,
          chequers_serial_rivers_micro_e, hex_medium
D:2:      layout_loops_cross, uniq_sigmund, uniq_terence
D:3:      layout_rooms, mainiacjoe_overflow_chevrons, zin_statuary,
          dreamdust_princess_corridor, minmay_vboxes
D:4:      layout_rooms, minmay_temple_entry_mist
D:5:      gammafunk_wand_slinger, layout_loops_ring, minmay_hedge_maze
D:6:      layout_basic, serial_shops,
          nicolae_shop_temple_entry_statues_fountains, shop, shop,
          nicolae_shop_temple_entry_statues_fountains
D:7:      layout_rooms, gammafunk_temple_overflow_elements
D:8:      layout_rooms, mainiacjoe_overflow_boulevard,
          cheibrodos_ashenzari_chains, chequers_mini_garden,
          nicolae_shop_self_help
D:9:      layout_basic, mainiacjoe_overflow_alcove_1, uniq_harold

Skill      XL: |  1  2  3  4  5  6  7  8  9 10 |
---------------+-------------------------------+-----
Axes           | 4 5 7 8 9 11 13 | 13.6
Fighting       | 4 5 6 7 |  7.1
Throwing       | 1 2 |  2.0
Shields        | 3 6 7 9 |  9.2
Dodging        | 3 |  3.0
Armour         | 3 |  3.0

Action                   |  1- 3 |  4- 6 |  7- 9 | 10-12 || total
-------------------------+-------+-------+-------+-------++-------
Melee: Hand axe          |    64 |    95 |    38 |       ||   197
       Headbutt          |    10 |    10 |    34 |     4 ||    58
       Broad axe         |       |       |   140 |    15 ||   155
Throw: Javelin           |       |    30 |    43 |       ||    73
       Boomerang         |       |     3 |    22 |       ||    25
Invok: Berserk           |     1 |     4 |    10 |       ||    15
  Use: Scroll            |     6 |     5 |     6 |       ||    17
       Potion            |     2 |     2 |       |       ||     4
Armor: Animal skin       |    12 |       |       |       ||    12
       Ring mail         |       |    15 |    51 |     2 ||    68
Dodge: Dodged            |    27 |    36 |    49 |    15 ||   127
Block: Kite shield       |       |     8 |    61 |    14 ||    83

Table legend:
 A = Non-vault XP
 B = Vault XP
 C = Vault XP percentage of total XP
 D = Non-vault monster count
 E = Vault monster count
 F = Vault count percentage of total count
                 A         B        C        D         E       F
            +---------+---------+-------+---------+---------+-------
      Total |    5389 |    1164 |  17.8 |     143 |      10 |   6.5
            +---------+---------+-------+---------+---------+-------
        D:1 |      37 |       0 |   0.0 |      21 |       0 |   0.0
        D:2 |      33 |     262 |  88.8 |       6 |       2 |  25.0
        D:3 |      31 |      16 |  34.0 |      13 |       7 |  35.0
        D:4 |     251 |       0 |   0.0 |      20 |       0 |   0.0
        D:5 |     701 |       0 |   0.0 |      15 |       0 |   0.0
        D:6 |    1064 |       0 |   0.0 |      18 |       0 |   0.0
        D:7 |     907 |       0 |   0.0 |      17 |       0 |   0.0
        D:8 |    1249 |       0 |   0.0 |      23 |       0 |   0.0
        D:9 |    1116 |     886 |  44.3 |      10 |       1 |   9.1
            +---------+---------+-------+---------+---------+-------
